 BcadrenCrawl: Boulder Brew version 0.06-240-gf756cca71e (webtiles) character file.

Game seed: 3828847240870021216, levelgen mode: deterministic

90 gruber the Twirler (level 4, 0/28 HPs) Gargoyle Berserker. Began on Aug 14, 2022. Was a Follower of Trog. Slain by a hobgoblin (2 damage) ... on level 1 of the Dungeon. The game lasted 00:00:34 (92 turns).

gruber the Twirler (Gargoyle Berserker)               Turns: 92, Time: 00:00:35

Health: 0/28       AC:  4    Str: 22    XL:     4 ^: 36
Magic:  4/4        EV: 12    Int:  7    God:    Trog [1* [45]]
Gold:   7          SH:  0    Dex:  9    Spells: 3/3 levels left

rFire    . . .     Slash    +   a - +0 mace
rCold    . . .     Pierce   .   (no weapon)
rNeg     + . .     Bludgeon +   b - +0 animal skin
rCorr    . . .     Vision   .   (no helmet)
rPois    ∞         Gourm    .   (no cloak)
rElec    +         Faith    .   (no gloves)
MR       .....     Spirit   .   (no boots)
HPRegen  0.19/turn Reflect  .   (no amulet)
MPRegen  0.14/turn Harm     .   (no ring) Stlth +.........Rnd*Rage +
                                (no ring)

@: berserk cooldown, slowed, very slow
A: negative energy resistance 1, electricity resistance, unbreathing,
petrification resistance, rot immunity, artificial flesh, AC +2
a: Berserk, Renounce Religion


You were on level 1 of the Dungeon.
You worshipped Trog.
Trog was aware of your devotion.
You were not hungry.

You visited 1 branch of the dungeon, and saw 1 of its levels.

You collected 7 gold pieces.

Inventory:

Weapons
 a - a +0 mace (weapon)
Armour
 b - a +0 animal skin (worn)
Comestibles
 c - 3 rations


   Skills:
 - Level 3.2 Fighting
 + Level 5.2 Maces & Staves
 - Level 2.1 Armour
 - Level 1.5 Dodging


You had 3 spell levels left.
You didn't know any spells.
Your spell library was empty.

Dungeon Overview and Level Annotations

Branches:
Dungeon (1/8)

Altars:


Innate Abilities, Weirdness & Mutations

You are resistant to torment.
Your stone body is resilient. (AC +2)
You are immune to poison.
You resist negative energy. (rN+)
You are resistant to electric shocks. (rElec)
You can survive without breathing.
You are immune to petrification.
You are immune to rotting.
Your artificial form resists hard blunt hits and is difficult to cut into. (rBludgeoning+ , rSlashing+)
You frequently lose your temper in combat.
This godly rage surpasses even clarity. (*Rage)


Message History

The hobgoblin is heavily wounded. (3/5) HP The hobgoblin barely misses you. x2
You hit the hobgoblin (3).
You kill the hobgoblin!
Trog accepts your kill.
The kobold reads a scroll.
The dust glows gleaming magenta!
The hobgoblin hits you (1). You resist.
* * * LOW HITPOINT WARNING * * *
You sock the kobold (7)!
You kill the kobold!
Trog accepts your kill.
The hobgoblin hits you but does no damage.
Unknown command.
Unknown command.
You barely miss the hobgoblin. You hit the hobgoblin but do no damage.
The hobgoblin is healthy. (6/6) HP The hobgoblin hits you (1).
You resist.
* * * LOW HITPOINT WARNING * * *
The hobgoblin hits you (2). You resist.
You die...

#....### ##.....##
##......# ##.....#
..####..###..####..†.### .
#...#...##....#......†##
..#........#.............#
.g.....##..##.........##.#
. g....#....#......#..##.#
....#...#...#############.#
.....##$#.?gg@..≈≈≈≈≈...'.#
......)††g..##).#####..####
#####.##....#..♣♣P>P♣♣..#
#≈SS#..††...##..♣#≈#♣..##
#≈rS#.......#♣.......?.♣#
#≈>S#.......#♣.♣.≈≈≈.♣.♣#
#≈≈≈#.......#♣..≈≈8≈≈..♣#
#≈≈≈#.......#♣.♣.≈≈≈.♣.♣#
#'##.......#♣.........♣#


You could see 3 hobgoblins.

Vanquished Creatures
  4 giant cockroaches (D:1)
  2 cinder newts (D:1)
  2 dart slugs (D:1)
  2 leopard geckos (D:1)
  A goblin (D:1)
  3 hobgoblins (D:1)
  A kobold (D:1)
  A rat (D:1)
16 creatures vanquished.

Notes
Turn   | Place    | Note
-------+----------+-------------------------------------------
     0 | D:1      | gruber the Gargoyle Berserker began the quest for the Orb.
     0 | D:1      | Reached XP level 1. HP: 14/14 MP: 1/1
    18 | D:1      | Reached XP level 2. HP: 19/19 MP: 2/2
    59 | D:1      | Reached skill level 4 in Maces & Staves
    67 | D:1      | Reached XP level 3. HP: 15/23 MP: 3/3
    77 | D:1      | Reached XP level 4. HP: 6/28 MP: 4/4
    78 | D:1      | Reached skill level 5 in Maces & Staves
    92 | D:1      | Slain by a hobgoblin

Levels and vault maps discovered:
D:1:      tarquinn_simple_flora_water_b, layout_cave_pools,
          gup_sewer_entry_glass

Skill      XL: |  1  2  3  4 |
---------------+-------------+-----
Maces & Staves | 4 5 |  5.2
Fighting       | |  3.2
Armour         | |  2.1
Dodging        | |  1.5

Action                   |  1- 3 |  4- 6 || total
-------------------------+-------+-------++-------
Melee: Mace              |    20 |     8 ||    28
       Unarmed           |     9 |     3 ||    12
Invok: Berserk           |     1 |       ||     1
Armor: Animal skin       |    11 |     2 ||    13
Dodge: Dodged            |     5 |     3 ||     8
